 Dungeon Crawl Stone Soup version 0.23.2-33-g5129a83184 (webtiles) character file.

Game seed: 7788179556532675287

35 psyvane the Grave Robber (level 3, -1/26 HPs)
             Began as a Hill Orc Necromancer on July 21, 2019.
             Slain by an adder (2 damage)
             ... on level 2 of the Dungeon.
             The game lasted 00:04:35 (1866 turns).

psyvane the Grave Robber (Hill Orc Necromancer)     Turns: 1866, Time: 00:04:36

Health: -1/26      AC:  2    Str:  9 (10) XL:     3   Next: 35%
Magic:  1/5        EV: 12    Int: 13 (16) God:
Gold:   41         SH:  0    Dex: 10 (11) Spells: 3/5 levels left

rFire    + . .     SeeInvis .   f - +0 dagger
rCold    + . .     Gourm    .   (no shield)
rNeg     . . .     Faith    .   a - +0 robe
rPois    +         Spirit   .   (no helmet)
rElec    +         Reflect  .   (no cloak)
rCorr    +         Harm     .   (no gloves)
MR       .....                  (no boots)
Stlth    ++........             e - amulet of rage
HPRegen  0.08/turn              (no ring)
MPRegen  0.09/turn              (no ring)

@: lethally poisoned (-1 -> -5), resistant
A: no striking features
a: Evoke Berserk Rage


You were on level 2 of the Dungeon.
You were very hungry.

You visited 1 branch of the dungeon, and saw 2 of its levels.

You collected 41 gold pieces.

Inventory:

Hand Weapons
 f - a +0 dagger (weapon)
Armour
 a - a +0 robe (worn)
Jewellery
 e - an amulet of rage (around neck)
Scrolls
 d - 2 scrolls of identify
 h - 4 scrolls of teleportation
Comestibles
 b - a chunk of flesh
 c - 2 rations


   Skills:
 - Level 1.5 Dodging
 - Level 1.5 Stealth
 - Level 1.5 Spellcasting
 * Level 5.1 Necromancy


You had 3 spell levels left.
You knew the following spells:

 Your Spells              Type           Power        Failure   Level  Hunger
a - Pain                  Necr           ##..         3%          1    ##.....
b - Animate Skeleton      Necr           N/A          3%          1    ##.....

Your spell library contained the following spells:

 Spells                   Type           Power        Failure   Level  Hunger
 Vampiric Draining        Necr           ##........   10%         3    ####...
 Regeneration             Chrm/Necr      #.........   28%         3    ####...
 Animate Dead             Necr           N/A          32%         4    #####..


Dungeon Overview and Level Annotations

Branches:
Dungeon (2/15)

Altars:


Message History

The bat hits you.
* * * LOW HITPOINT WARNING * * *
The adder closely misses you.
It was a potion of degeneration.
There was something very wrong with that liquid.
You feel weakened.
You feel dopey.
You feel clumsy.
* * * LOW HITPOINT WARNING * * *
You feel sick. The bat hits you but does no damage.
The adder barely misses you. x2
You aren't carrying any potions.
As you read the scroll labeled XIARUM RAEW, it crumbles to dust.
It is a scroll of identify.
h - 4 scrolls of teleportation The bat barely misses you.
The adder bites you.
* * * LOW HITPOINT WARNING * * *
Okay, then.
You hit the adder but do no damage.
The adder is severely wounded.
The bat hits you but does no damage. The adder bites you.
You die...

#.. #.#.....#
##.. #.#.. ...
..... .(.......
#... #......
#....#..#..
#...b#...####.
#......<......
#@# ..... ..
#S# .....
...####w##.....
...#...........
..........?....
...#.....##..##
.. #.....# .#
#.....### #
#...รท...#


You could see a worm, an adder and a bat.

Vanquished Creatures
  An ooze (D:1)
  2 dart slugs (D:1)
  3 bats
  A giant cockroach (D:1)
  3 goblins
  2 hobgoblins (D:1)
  6 kobolds (D:1)
  3 frilled lizards
  2 rats
23 creatures vanquished.

Vanquished Creatures (collateral kills)
  A leopard gecko (D:1)
1 creature vanquished.

Vanquished Creatures (others)
  An adder (D:2)
1 creature vanquished.

Grand Total: 25 creatures vanquished

Notes
Turn   | Place    | Note
-------+----------+-------------------------------------------
     0 | D:1      | psyvane the Hill Orc Necromancer began the quest for the
                  | Orb.
     0 | D:1      | Reached XP level 1. HP: 14/14 MP: 3/3
   277 | D:1      | Learned a level 1 spell: Animate Skeleton
   281 | D:1      | Reached XP level 2. HP: 18/20 MP: 1/4
   850 | D:1      | Reached XP level 3. HP: 24/26 MP: 1/5
   855 | D:1      | Reached skill level 5 in Necromancy
  1865 | D:2      | HP: 1/26 [adder (2)]
  1866 | D:2      | Slain by an adder

Skill      XL: |  1  2  3 |
---------------+----------+-----
Necromancy     | 5 |  5.1
Dodging        | |  1.5
Stealth        | |  1.5
Spellcasting   | |  1.5

Action                   || total
-------------------------++-------
Melee: Unarmed           ||    24
       Dagger            ||     5
 Cast: Pain              ||    49
       Animate Skeleton  ||     7
  Use: Potion            ||     2
       Scroll            ||     1
  Eat: Chunk             ||     3
Armor: Robe              ||     7
Dodge: Dodged            ||    25
